 Seeded DCSS version 0.25-a0-289-g406d636 (webtiles) character file.

Game seed: 20191212, levelgen mode: deterministic

1340 FruityBerryJuice the Cudgeler (level 8, -8/103 HPs)
             Began as a White Draconian Berserker on Dec 12, 2019.
             Was a Priest of Trog.
             Mangled by a troll (11 damage)
             ... on level 10 of the Dungeon.
             The game lasted 00:33:42 (6504 turns).

FruityBerryJuice the Cudgeler (DrBe)                Turns: 6504, Time: 00:33:42

Health: -8/103     AC: 10    Str: 22    XL:     8   Next: 35%
Magic:  8/8        EV: 14    Int: 17    God:    Trog [***...]
Gold:   171        SH:  0    Dex: 12    Spells: 7/7 levels left

rFire    . . .     SeeInvis .   u - +0 flail (holy)
rCold    + . .     Gourm    .   (no shield)
rNeg     . . .     Faith    .   (armour unavailable)
rPois    +         Spirit   .   (helmet restricted)
rElec    .         Reflect  .   y - +1 cloak {rPois}
rCorr    .         Harm     .   z - +0 pair of gloves (curse)
MR       .....                  c - +0 pair of boots
Stlth    ..........             (no amulet)
HPRegen  0.27/turn              g - +6 ring of intelligence
MPRegen  0.11/turn              B - ring "Igearadei" {Str-3 Int+3} (curse)

@: berserking, very quick
A: breathe frost, unfitting armour, cold resistance 1, cold-blooded, AC +6
a: Breathe Frost, Berserk, Trog's Hand, Renounce Religion


You were on level 10 of the Dungeon.
You worshipped Trog.
Trog was most pleased with you.
You were hungry.

You visited 1 branch of the dungeon, and saw 9 of its levels.

You collected 343 gold pieces.
You spent 172 gold pieces at shops.

Inventory:

Hand Weapons
 a - a +0 mace
 m - a +0 whip
 q - a +1 hand axe of freezing
 u - a +0 flail of holy wrath (weapon)
 A - a +0 giant spiked club
 E - a +1 long sword of slicing
 F - a +0 battleaxe
Armour
 c - a +0 pair of boots (worn)
 n - a +0 pair of gloves
 s - a +2 pair of gloves
 x - a +0 naga barding
 y - a +1 cloak of poison resistance (worn)
 z - a cursed +0 pair of gloves (worn)
 G - a +2 plate armour of cold resistance
Jewellery
 g - a +6 ring of intelligence (left hand)
 B - the cursed ring "Igearadei" (right hand) {Str-3 Int+3}
   (You found it on level 7 of the Dungeon)

   [ring of strength]

   It affects your strength (-3).
   It affects your intelligence (+3).
   It has a curse placed upon it.
Wands
 i - a wand of acid (6)
 v - a wand of random effects (23)
 D - a wand of enslavement (3)
Scrolls
 d - 6 scrolls of remove curse {unknown}
 e - 2 scrolls of amnesia {unknown}
 f - 12 scrolls of identify {unknown}
 k - a scroll of noise {unknown}
 o - 6 scrolls of teleportation {unknown}
 p - 3 scrolls of magic mapping {unknown}
 r - 2 scrolls of enchant armour {unknown}
 C - a scroll of holy word {unknown}
Potions
 h - 5 potions of heal wounds {unknown}
 j - 3 potions of mutation {unknown}
 l - a potion of curing {unknown}
 t - 2 potions of resistance {unknown}
 w - a potion of magic {unknown}
Comestibles
 b - 2 rations


   Skills:
 + Level 5.6 Fighting
 + Level 3.4(5.8) Axes
 + Level 7.3(7.7) Maces & Flails
 + Level 5.0 Dodging
 + Level 2.2 Stealth
 + Level 0.1 Evocations


You had 7 spell levels left.
You didn't know any spells.
Your spell library contained the following spells:

 Spells                   Type           Power        Failure   Level  Hunger
 Beastly Appendage        Tmut           #.....       24%         1    ##.....
 Magic Dart               Conj           #...         24%         1    ##.....
 Blink                    Tloc           N/A          34%         2    ###....
 Call Imp                 Summ           #.......     34%         2    ###....
 Slow                     Hex            #.......     34%         2    ###....
 Sticks to Snakes         Tmut           #.......     34%         2    ###....
 Conjure Flame            Conj/Fire      #.......     56%         3    ####...
 Mephitic Cloud           Conj/Pois/Air  #.......     56%         3    ####...
 Spider Form              Tmut/Pois      #.........   56%         3    ####...
 Ice Form                 Ice/Tmut       #.......     93%         4    #####..
 Blade Hands              Tmut           #.........   100%        5    ######.


Dungeon Overview and Level Annotations

Branches:
Dungeon (11/15)
 Temple: D:4-7         Lair: D:8-11         Orc: D:9-12

Altars:

Shops:
D:4 !?[:   D:5 [   D:10 }

Annotations:
D:6 Blork the orc


Innate Abilities, Weirdness & Mutations

You can breathe waves of freezing cold.
You can buffet flying creatures when you breathe cold.
Your icy white scales are hard. (AC +6)
You cannot fit into any form of body armour.
Your flesh is cold resistant. (rC+)
You are cold-blooded and may be slowed by cold attacks.


Message History

You thump the crocodile!
The crocodile is severely wounded.
The jelly hits you but does no damage.
The black bear bites you but does no damage.
The black bear claws you but does no damage. x2
The troll bites you.
* * * LOW HITPOINT WARNING * * *
The troll claws you!
* * * LOW HITPOINT WARNING * * *
The troll claws you but does no damage. The crocodile barely misses you.
You completely miss the troll.
The troll is heavily wounded.
The jelly misses you. The black bear closely misses you. x2
The black bear claws you but does no damage.
You bludgeon the troll!!
The troll is almost dead.
The crimson imp blinks!
The crocodile bites you.
* * * LOW HITPOINT WARNING * * *
The troll bites you!
You die...

##.##......##...## #[......#.
##........##....####......... ##
#.........##................# ..
.....##...#................#. ..
#.............##..........###
#.#####.......................##.
....###........##...........####.
#....#.........h#J...........#...
................@t..............#
.........#.....T.§...............
.........##......................
.................###.5..........)
#.................#..............
###...............#..........##.#
#.........##..................#
##...#.#.####............<.....
##...∩..# ##..........#......


You could see a troll, a crocodile, a black bear, a jelly and a crimson imp.

Vanquished Creatures
  An orc warrior (D:10)
  Menkaure (D:6)
  A sky beast (D:6)
  3 necrophages (D:7)
  A bullfrog (D:6)
  A howler monkey (D:5)
  3 crimson imps
  A hound (D:6)
  A centaur skeleton (D:4)
  A jelly (D:5)
  An orc wizard (D:4)
  A bullfrog skeleton (D:10)
  Natasha (D:2)
  2 iguanas (D:4)
  5 worker ants
  A worker ant zombie (D:6)
  8 adders
  A shadow imp (D:5)
  5 worms
  A dart slug (D:3)
  3 leopard geckos
  17 orcs
  3 ball pythons
  4 giant cockroaches
  4 goblins
  8 hobgoblins
  3 jackals (D:1)
  5 kobolds
  4 quokkas
  4 bats
  2 frilled lizards
  A quokka skeleton (D:7)
  8 rats
106 creatures vanquished.

Vanquished Creatures (collateral kills)
  An orc (D:10)
1 creature vanquished.

Vanquished Creatures (others)
  A wyvern zombie (D:10)
  3 withered plants (D:7)
4 creatures vanquished.

Grand Total: 111 creatures vanquished

Notes
Turn   | Place    | Note
-------+----------+-------------------------------------------
     0 | D:1      | FruityBerryJuice the Draconian Berserker began the quest
                  | for the Orb.
     0 | D:1      | Reached XP level 1. HP: 19/19 MP: 1/1
   125 | D:1      | Reached XP level 2. HP: 17/26 MP: 2/2
  1328 | D:2      | Noticed Natasha
  1336 | D:2      | Killed Natasha
  1336 | D:2      | Reached XP level 3. HP: 33/33 MP: 3/3
  1783 | D:2      | Reached XP level 4. HP: 40/40 MP: 4/4
  2002 | D:2      | Noticed a centaur
  2023 | D:3      | Reached skill level 4 in Maces & Flails
  2045 | D:3      | Reached ** piety under Trog
  2944 | D:3      | Reached XP level 5. HP: 46/46 MP: 5/5
  3033 | D:4      | Reached skill level 5 in Maces & Flails
  3067 | D:4      | Found Tavvept's Antique Armour Boutique.
  3649 | D:4      | Reached skill level 1 in Stealth
  3649 | D:4      | Reached XP level 6. HP: 46/52 MP: 6/6
  3661 | D:4      | Found Sugex's Book Boutique.
  4050 | D:5      | Entered Level 5 of the Dungeon
  4095 | D:5      | Reached skill level 1 in Axes
  4391 | D:5      | Found Ivosene's Armour Emporium.
  4425 | D:6      | Noticed Blork the orc
  4756 | D:4      | Found Gumauxkum's Magic Scroll Shop.
  4791 | D:4      | Found Dudedet's Distillery.
  4866 | D:4      | Bought a runed cloak for 172 gold pieces
  5092 | D:6      | Your scales start taking on an icy white colour.
  5092 | D:6      | Reached XP level 7. HP: 60/60 MP: 7/7
  5092 | D:6      | Gained mutation: Your flesh is cold resistant. (rC+) [White
                  | Draconian growth]
  5218 | D:6      | Noticed Menkaure
  5228 | D:6      | Killed Menkaure
  5720 | D:6      | Reached skill level 5 in Fighting
  5720 | D:6      | Reached skill level 6 in Maces & Flails
  5799 | D:7      | Got a scintillating tin ring
  5801 | D:7      | Identified the cursed ring "Igearadei" {Str-3 Int+3} (You
                  | found it on level 7 of the Dungeon)
  5977 | D:7      | Reached *** piety under Trog
  5977 | D:7      | Reached XP level 8. HP: 68/68 MP: 8/8
  6005 | D:7      | You fall into a shaft and drop 3 floors!
  6005 | D:10     | Entered Level 10 of the Dungeon
  6008 | D:10     | Found Meggarud's Gadget Emporium.
  6107 | D:10     | Reached skill level 7 in Maces & Flails
  6216 | D:10     | Reached skill level 5 in Dodging
  6311 | D:11     | Noticed a troll
  6504 | D:10     | HP: 3/103 [crocodile (5)]
  6504 | D:10     | Mangled by a troll

Levels and vault maps discovered:
D:1:      dpeg_arrival_triangle_fractal, layout_basic
D:2:      layout_basic, uniq_natasha
D:3:      minmay_diamond_boxcup, layout_basic, first_ration
D:4:      layout_basic, minmay_temple_entry_stoned_glass, serial_shops, shop,
          nicolae_shop_behind_doors, shop_fountains,
          nicolae_shop_temple_entry_statues_fountains, st_stairs_1,
          kennysheep_generic_room_8
D:5:      layout_basic, serial_shops, kennysheep_little_box
D:6:      layout_basic, uniq_prince_ribbit1, uniq_menkaure, uniq_blork_the_orc
D:7:      layout_loops_ring, vehumet_statue, serial_undead, serial_undead_e,
          serial_undead_a, serial_undead_b, serial_undead_d, serial_undead_c,
          serial_undead_f, serial_undead_b, the_bakery
D:10:     layout_cave_pools, serial_shops, nicolae_shop_crystal
D:11:     layout_rooms, david_orc_2, serial_curves, eino_curves_02,
          eino_curves_04, eino_curves_02, eino_curves_01, uniq_erica

Skill      XL: |  1  2  3  4  5  6  7  8 |
---------------+-------------------------+-----
Dodging        | 3 4 5 |  5.0
Maces & Flails | 4 5 6 7 |  7.3
Fighting       | 4 5 |  5.6
Stealth        | 1 2 |  2.2
Axes           | 2 3 |  3.4
Evocations     | |  0.1

Action                   |  1- 3 |  4- 6 |  7- 9 || total
-------------------------+-------+-------+-------++-------
Melee: Mace              |    99 |    91 |       ||   190
       Tailslap          |    13 |    30 |    15 ||    58
       Hand axe          |       |    64 |       ||    64
       Flail             |       |    44 |    97 ||   141
Invok: Berserk           |     1 |     4 |     2 ||     7
       Trog's Hand       |       |     1 |       ||     1
Evoke: Wand              |       |       |     3 ||     3
  Use: Scroll            |       |     1 |       ||     1
       Potion            |       |     2 |       ||     2
 Stab: Sleeping          |       |       |     1 ||     1
  Eat: Ration            |     1 |     4 |     2 ||     7
Armor: Skin              |    35 |    50 |    51 ||   136
Dodge: Dodged            |    68 |   166 |   123 ||   357

Table legend:
 A = Non-vault XP
 B = Vault XP
 C = Vault XP percentage of total XP
 D = Non-vault monster count
 E = Vault monster count
 F = Vault count percentage of total count
                 A         B        C        D         E       F
            +---------+---------+-------+---------+---------+-------
      Total |    1342 |     573 |  29.9 |     102 |       6 |   5.6
            +---------+---------+-------+---------+---------+-------
        D:1 |      39 |       0 |   0.0 |      24 |       0 |   0.0
        D:2 |      24 |      36 |  60.0 |      10 |       1 |   9.1
        D:3 |     114 |       0 |   0.0 |      16 |       0 |   0.0
        D:4 |     297 |       5 |   1.7 |      22 |       1 |   4.3
        D:5 |     160 |       0 |   0.0 |       9 |       0 |   0.0
        D:6 |     416 |     169 |  28.9 |      10 |       1 |   9.1
        D:7 |      16 |     363 |  95.8 |       3 |       3 |  50.0
       D:10 |     276 |       0 |   0.0 |       8 |       0 |   0.0
            +---------+---------+-------+---------+---------+-------
